 Dungeon Crawl Stone Soup version 0.24.0-125-gc4c63601f3 (webtiles) character file.

Game seed: 4439961741486842812, levelgen mode: deterministic

6061 Frank2 the Basher (level 10, -2/76 HPs)
             Began as a Demonspawn Gladiator on Mar 7, 2020.
             Was a High Priest of Qazlal.
             Slain by Erica
             ... wielding a +4 scimitar of flaming
              (5 damage)
             ... on level 9 of the Dungeon.
             The game lasted 00:19:55 (7954 turns).

Frank2 the Basher (Demonspawn Gladiator)            Turns: 7954, Time: 00:19:55

Health: -2/76      AC:  9    Str: 18      XL:     10   Next: 57%
Magic:  14/14      EV: 19    Int:  9 (11) God:    Qazlal [*****.]
Gold:   565        SH:  6    Dex: 19      Spells: 9/9 levels left

rFire    + . .     SeeInvis .   a - +3 flail
rCold    . . .     Gourm    .   (no shield)
rNeg     . . .     Faith    .   t - +0 ring mail
rPois    .         Spirit   .   c - +1 helmet
rElec    .         Reflect  .   (no cloak)
rCorr    .         Harm     .   (no gloves)
MR       .....                  p - +0 pair of boots
Stlth    +.........             k - amulet of regeneration
HPRegen  0.62/turn              h - +4 ring of strength
MPRegen  0.14/turn              (no ring)

@: lethally poisoned (-2 -> -2), protected from fire, very slightly
contaminated, invisible, repel missiles
A: claws 2, talons 1, repulsion field 3, clever 1, demonic guardian 1,
deterioration 1
a: Upheaval, Elemental Force, Disaster Area, Renounce Religion


You were on level 9 of the Dungeon.
You worshipped Qazlal.
Qazlal was extremely pleased with you.
You were hungry.

You visited 1 branch of the dungeon, and saw 9 of its levels.
You also visited: Sewer and Ossuary.

You collected 565 gold pieces.

Inventory:

Hand Weapons
 a - a +3 flail (weapon)
 y - a +0 dire flail
 C - a +0 great mace
Missiles
 d - 4 throwing nets (quivered)
Armour
 c - a +1 helmet (worn)
 p - a +0 pair of boots (worn)
 t - a +0 ring mail (worn)
Jewellery
 h - a +4 ring of strength (left claw)
 k - an amulet of regeneration (around neck)
 l - an uncursed ring of ice
 A - an uncursed ring of flight {unknown}
 B - an uncursed amulet of harm
Wands
 r - a wand of enslavement (7)
 u - a wand of disintegration (13)
 z - a wand of random effects (24)
Scrolls
 g - a scroll of enchant armour
 i - 2 scrolls of identify
 j - 5 scrolls of remove curse
 m - a scroll of teleportation
 n - 3 scrolls of immolation
 o - 3 scrolls of fog
 w - a scroll of blinking
 D - a scroll of fear
Potions
 b - 3 potions of flight
 e - a potion of lignification
 q - 4 potions of curing
 s - 2 potions of haste
Comestibles
 f - 9 rations
 E - 4 chunks of flesh


   Skills:
 + Level 6.0 Fighting
 + Level 10.0 Maces & Flails
 - Level 1.7 Throwing
 + Level 4.7 Armour
 + Level 5.9 Dodging
 * Level 6.5 Invocations
 * Level 5.0 Evocations


You had 9 spell levels left.
You didn't know any spells.
Your spell library contained the following spells:

 Spells                   Type           Power        Failure   Level  Hunger
 Sandblast                Erth           #.....       56%         1    ##.....
 Summon Butterflies       Summ           #.......     56%         1    ##.....
 Passwall                 Tmut/Erth      #.......     71%         2    ###....
 Stone Arrow              Conj/Erth      #.....       90%         3    ####...
 Petrify                  Tmut/Erth      #.......     100%        4    #####..
 Lee's Rapid Deconstruct  Erth           #.........   100%        5    ######.


Dungeon Overview and Level Annotations

Branches:
Dungeon (9/15)             Temple (0/1) D:5           Sewer (visited)
Ossuary (visited)
   Lair: D:8-11         Orc: D:9-12

Altars:
Ashenzari
Gozag
Kikubaaqudgha
Makhleb
Nemelex Xobeh
Okawaru
Qazlal
Ru
Sif Muna
Uskayaw
Vehumet
Wu Jian
Xom

Shops:
D:6 =

Annotations:
D:9 Erica


Innate Abilities, Weirdness & Mutations

You have very sharp fingernails.
You are surrounded by a strong repulsion field. (EV +4, RMsl)
A weak demonic guardian rushes to your aid.
You have sharp toenails.
Your mind is acute. (Int +2)
Your body sometimes deteriorates upon taking damage.


Message History

Unknown command.
You hit something but do no damage.
You feel sick.
The jackal barks!
The adder completely misses you. You block the scorpion's attack.
Okay, then.
You hit something but do no damage.
The jackal barks!
The adder completely misses you. Something hits you!
* * * LOW HITPOINT WARNING * * *
Your body deteriorates!
You feel dopey.
You feel more protected from physical attacks.
Your resistance to physical damage fades away.
You feel protected from fire. Something burns you.
* * * LOW HITPOINT WARNING * * *
The scorpion barely misses you. The adder completely misses you.
The jackal barks!
You are feeling hungry.
You feel sick. Something hits you.
You die...

####### #..§†.#
#..@÷.# #§††{.##
#..sSh.## #
####h#r.#######
#.#####............
Y......h8.......8..
..Y................
........8.......8..
#.###.#†...!)%.....


You could see a scorpion, an adder, a quokka (wandering) and 2 jackals.

Vanquished Creatures
  A two-headed ogre (D:8)
  A hippogriff (D:7)
  Prince Ribbit (D:6)
  2 yaks
  2 hungry ghosts (D:8)
  Menkaure (Ossuary)
  A water moccasin (D:8)
  Duvessa (D:4)
  2 ice beasts
  A sky beast (D:8)
  2 orc warriors (D:7)
  A phantom (D:6)
  2 ogres (D:4)
  4 centaurs
  A big kobold (D:6)
  6 bullfrogs
  Dowan (D:4)
  A wyvern zombie (D:8)
  2 water moccasin skeletons
  A scorpion (D:7)
  13 killer bees
  3 wights (D:7)
  A howler monkey (D:6)
  A jelly (D:5)
  A crimson imp (D:7)
  4 hounds
  2 orc priests
  3 centaur skeletons
  10 orc wizards
  2 bullfrog skeletons
  4 worker ants
  An iguana (D:7)
  3 mummies (Ossuary)
  A hound skeleton (D:4)
  A worker ant zombie (D:9)
  Robin (D:2)
  A howler monkey skeleton (D:4)
  A howler monkey zombie (D:8)
  A river rat (D:5)
  11 adders
  2 shadow imps
  7 oozes
  2 adder skeletons
  7 worms
  2 dart slugs (D:1)
  16 leopard geckos
  12 orcs
  15 giant cockroaches
  4 gnoll zombies (Ossuary)
  20 goblins
  10 hobgoblins
  23 jackals
  12 kobolds
  6 quokkas
  7 ball pythons
  9 bats
  19 frilled lizards
  5 gnoll skeletons (Ossuary)
  3 goblin skeletons (Ossuary)
  3 goblin zombies (Ossuary)
  7 hobgoblin skeletons (Ossuary)
  2 hobgoblin zombies (Ossuary)
  2 kobold skeletons (Ossuary)
  7 kobold zombies (Ossuary)
  A leopard gecko zombie (D:5)
  3 orc skeletons (Ossuary)
  6 orc zombies (Ossuary)
  2 quokka skeletons (D:5)
  5 rats
  5 rat skeletons (Ossuary)
  3 rat zombies (Ossuary)
326 creatures vanquished.

Vanquished Creatures (collateral kills)
  A queen bee (D:9)
  A yak (D:9)
  3 killer bees (D:9)
  A jelly (D:7)
  An orc wizard (D:7)
  An adder (D:7)
  An orc (D:7)
9 creatures vanquished.

Vanquished Creatures (others)
  An orc (D:7)
  A plant (D:6)
2 creatures vanquished.

Grand Total: 337 creatures vanquished

Notes
Turn   | Place    | Note
-------+----------+-------------------------------------------
     0 | D:1      | Frank2 the Demonspawn Gladiator began the quest for the
                  | Orb.
     0 | D:1      | Reached XP level 1. HP: 16/16 MP: 1/1
    71 | D:1      | Gained mutation: You are surrounded by a mild repulsion
                  | field. (EV +2) [demonic ancestry]
    71 | D:1      | Reached XP level 2. HP: 20/22 MP: 2/2
   127 | D:1      | Reached skill level 3 in Maces & Flails
   535 | D:1      | Gained mutation: You are surrounded by a moderate repulsion
                  | field. (EV +3) [demonic ancestry]
   535 | D:1      | Reached XP level 3. HP: 25/27 MP: 3/3
  1385 | D:2      | Gained mutation: You are surrounded by a strong repulsion
                  | field. (EV +4, RMsl) [demonic ancestry]
  1385 | D:2      | Reached XP level 4. HP: 34/34 MP: 4/4
  1620 | D:2      | Noticed Robin
  1659 | D:2      | Killed Robin
  1691 | D:2      | Gained mutation: Your body sometimes deteriorates upon
                  | taking damage. [potion of mutation]
  1691 | D:2      | Gained mutation: Your mind is acute. (Int +2) [potion of
                  | mutation]
  1691 | D:2      | Gained mutation: You have sharp toenails. [potion of
                  | mutation]
  2183 | D:3      | Reached skill level 4 in Maces & Flails
  2274 | D:3      | Noticed a bullfrog
  2285 | D:3      | Killed a bullfrog
  2285 | D:3      | Reached skill level 1 in Armour
  2285 | D:3      | Reached XP level 5. HP: 35/40 MP: 5/5
  2522 | D:3      | Found an iron altar of Okawaru.
  2706 | D:4      | Noticed an ice beast
  2723 | D:4      | Killed an ice beast
  2723 | D:4      | Reached XP level 6. HP: 37/47 MP: 6/6
  2791 | D:4      | Found a stormy altar of Qazlal.
  2801 | D:4      | Reached skill level 5 in Maces & Flails
  2804 | D:4      | Became a worshipper of Qazlal Stormbringer
  3017 | D:4      | Found a sparkling altar of Nemelex Xobeh.
  3130 | D:4      | Gained mutation: You have sharp fingernails. [demonic
                  | ancestry]
  3130 | D:4      | Reached XP level 7. HP: 51/52 MP: 7/7
  3234 | D:4      | Noticed Dowan
  3234 | D:4      | Noticed Duvessa
  3261 | D:4      | Killed Duvessa
  3270 | D:4      | Killed Dowan
  3270 | D:4      | Reached skill level 6 in Maces & Flails
  3653 | D:5      | Entered Level 5 of the Dungeon
  3744 | D:5      | Found a glowing drain.
  3755 | Sewer    | Entered a sewer
  3835 | Sewer    | Reached * piety under Qazlal
  4040 | Sewer    | Reached XP level 8. HP: 37/60 MP: 8/8
  4095 | Sewer    | Reached ** piety under Qazlal
  4184 | D:5      | Found a staircase to the Ecumenical Temple.
  4302 | D:5      | Found a burning altar of Makhleb.
  4546 | D:5      | Reached skill level 7 in Maces & Flails
  5126 | D:6      | Reached skill level 1 in Invocations
  5150 | D:6      | Reached skill level 1 in Evocations
  5177 | D:6      | Reached skill level 5 in Dodging
  5403 | D:6      | Found a shimmering altar of Xom.
  5403 | D:6      | Found a shimmering altar of Xom.
  5403 | D:6      | Found a shimmering altar of Xom.
  5404 | D:6      | Found a shimmering altar of Xom.
  5450 | D:6      | Found Yssas's Jewellery Shoppe.
  5476 | D:6      | Noticed Prince Ribbit
  5504 | D:6      | Killed Prince Ribbit
  5504 | D:6      | Gained mutation: A weak demonic guardian rushes to your
                  | aid. [demonic ancestry]
  5504 | D:6      | Reached XP level 9. HP: 50/66 MP: 11/11
  5703 | D:7      | Reached *** piety under Qazlal
  5721 | D:7      | Reached skill level 8 in Maces & Flails
  5779 | D:7      | Found an opulent altar of Gozag.
  5817 | D:7      | Found a sand-covered staircase.
  5829 | Ossuary  | Entered an ossuary
  6039 | Ossuary  | Reached **** piety under Qazlal
  6102 | Ossuary  | Noticed Menkaure
  6145 | Ossuary  | Killed Menkaure
  6238 | D:7      | Reached skill level 5 in Fighting
  6698 | D:7      | Reached skill level 9 in Maces & Flails
  6739 | D:7      | Found a shattered altar of Ashenzari.
  6780 | D:7      | Found a shattered altar of Ashenzari.
  7089 | D:8      | Noticed a two-headed ogre
  7106 | D:8      | Killed a two-headed ogre
  7106 | D:8      | Reached skill level 5 in Invocations
  7106 | D:8      | Gained mutation: You have very sharp fingernails. [demonic
                  | ancestry]
  7106 | D:8      | Reached XP level 10. HP: 53/74 MP: 12/14
  7203 | D:8      | Found a sacrificial altar of Ru.
  7205 | D:8      | Found an ornate altar of the Wu Jian Council.
  7487 | D:8      | Reached ***** piety under Qazlal
  7556 | D:8      | Found an ancient bone altar of Kikubaaqudgha.
  7556 | D:8      | Found a shimmering blue altar of Sif Muna.
  7563 | D:8      | Identified Sif Muna's Guide on Creation
  7594 | D:8      | Found a radiant altar of Vehumet.
  7689 | D:9      | Found a hide-covered altar of Uskayaw.
  7810 | D:8      | Reached skill level 10 in Maces & Flails
  7919 | D:9      | Noticed Erica
  7934 | D:9      | Reached skill level 5 in Evocations
  7954 | D:9      | HP: 3/76 [poisoned by an adder]
  7954 | D:9      | Slain by Erica

Levels and vault maps discovered:
D:1:      onia_arrival_mini_spirals, layout_basic, minmay_three_crescents
D:2:      minmay_spotlight, layout_loops_cross, uniq_robin
D:3:      layout_loops_cross, nicolae_overflow_hidden_temple,
          nicolae_underground_beach
D:4:      layout_loops_cross, nemelex_xobeh_ov_fountains_minmay,
          grunt_qazlal_clouds, chequers_serial_rivers_micro_b, uniq_duvessa
D:5:      layout_basic, kennysheep_little_box, minmay_temple_entry_waves,
          first_ration, portal_sewer_entry_b
D:6:      layout_basic, xom_redecorated, serial_shops, shop_fountains,
          lexackson_kobold_supper, uniq_prince_ribbit1
D:7:      layout_gridville, grunt_gozag_statues, cheibrodos_ashenzari_chains,
          enter_ossuary_1, basic_altar
D:8:      layout_rooms, palyth_temple_overflow_mages,
          chequers_temple_overflow_statue_of_worship, serial_corexii_hall,
          corexii_hall_statues_t, chequers_hall_statues_wall_a,
          chequers_hall_statues_wall_a, corexii_hall_statues_l
D:9:      layout_gridville, eat_drink_and_be_merry_uskayaw,
          grunt_dithmenos_shadows, lair_entry_dummy, serial_shops, shop,
          david_nohive_1, fedhas_altar_4, uniq_erica

Skill      XL: |  1  2  3  4  5  6  7  8  9 10 |
---------------+-------------------------------+-----
Dodging        | 3 4 5 |  5.9
Maces & Flails | 3 4 5 6 7 9 10 | 10.0
Armour         | 1 2 3 4 |  4.7
Fighting       | 3 4 5 6 |  6.0
Invocations    | 3 5 6 |  6.5
Evocations     | 2 4 5 |  5.0
Throwing       | |  1.7

Action                   |  1- 3 |  4- 6 |  7- 9 | 10-12 || total
-------------------------+-------+-------+-------+-------++-------
Melee: Flail             |   113 |   205 |   655 |   136 ||  1109
Throw: Throwing net      |       |       |     8 |       ||     8
Evoke: Wand              |       |       |    10 |     3 ||    13
  Use: Scroll            |     4 |     6 |    15 |       ||    25
       Potion            |       |     2 |     5 |     2 ||     9
 Stab: Sleeping          |       |     1 |       |       ||     1
       Held in net/web   |       |       |     1 |       ||     1
       Distracted        |       |       |     1 |     2 ||     3
  Eat: Chunk             |       |     7 |    10 |     1 ||    18
       Ration            |       |       |     1 |     1 ||     2
Armor: Leather armour    |    33 |    48 |       |       ||    81
       Ring mail         |       |     2 |   167 |    32 ||   201
Dodge: Dodged            |   122 |   224 |   607 |   141 ||  1094
       Deflected         |       |       |    22 |       ||    22
Block: Other             |       |       |    61 |    52 ||   113
